 Dungeon Crawl Stone Soup version 0.29-a0-96-g93358da72b (webtiles) character file.

Game seed: 16073803909654980251

15 Grim the Vexing (level 2, 0/16 HPs)
             Began as a Deep Elf Arcane Marksman on Feb 13, 2022.
             Slain by a hobgoblin (4 damage)
             ... on level 1 of the Dungeon.
             The game lasted 00:01:35 (520 turns).

Grim the Vexing (Deep Elf Arcane Marksman)           Turns: 520, Time: 00:01:36

Health: 0/16       AC:  2    Str:  7    XL:     2   Next: 34%
Magic:  6/6        EV: 12    Int: 17    God:
Gold:   38         SH:  0    Dex: 15    Spells: 3/4 levels left

rFire   . . .      SeeInvis .   a - +0 shortbow
rCold   . . .      Faith    .   (shield currently unavailable)
rNeg    . . .      Spirit   .   d - +0 robe
rPois   .          Reflect  .   (no helmet)
rElec   .          Harm     .   (no cloak)
rCorr   .          Rampage  .   (no gloves)
Will    .....                   (no boots)
Stlth   +.........              (no amulet)
HPRegen 0.05/turn               (no ring)
MPRegen 0.10/turn               (no ring)

@: no status effects
A: no striking features
a: no special abilities


You were on level 1 of the Dungeon.
You visited 1 branch of the dungeon, and saw 1 of its levels.

You collected 38 gold pieces.

Inventory:

Hand Weapons
 a - a +0 shortbow (weapon)
Missiles
 c - 7 arrows (quivered ammo)
Armour
 d - a +0 robe (worn)
Jewellery
 b - a +6 ring of strength


   Skills:
 - Level 0.7 Fighting
 * Level 3.7 Bows
 - Level 2.4 Dodging
 - Level 1.5 Spellcasting
 + Level 4.3 Hexes


You had 3 spell levels left.
You knew the following spells:

 Your Spells              Type           Power      Damage    Failure   Level
a - Slow                  Hex            64%        N/A       3%          1

Your spell library contained the following spells:

 Spells                   Type           Power      Damage    Failure   Level
 Inner Flame              Hex/Fire       8%         N/A       26%         3
 Portal Projectile        Hex/Tloc       16%        N/A       26%         3
 Cause Fear               Hex            8%         N/A       32%         4


Dungeon Overview and Level Annotations

Branches:
Dungeon (1/15)

Altars:


Message History

c - 2 arrows (gained 1)
The hobgoblin hits you.
* * * LOW HITPOINT WARNING * * *
The hobgoblin closely misses you.
You see here an arrow.
c - 3 arrows (gained 1)
The hobgoblin hits you but does no damage.
The hobgoblin hits you but does no damage.
Fire: 3 arrows
Press: ? - help, Shift-Dir - straight line, f - hobgoblin
Aim: a hobgoblin (59% to hit)
The hobgoblin closely misses you.
A bat comes into view.
You see here an arrow.
c - 4 arrows (gained 1)
The hobgoblin misses you. The bat closely misses you. The hobgoblin hits you.
* * * LOW HITPOINT WARNING * * *
The bat barely misses you. The bat barely misses you.
The hobgoblin hits you but does no damage.
The bat closely misses you. The bat closely misses you.
You see here a ball python corpse.
The bat closely misses you. The bat misses you.
The bat hits you but does no damage. The bat barely misses you.
The bat hits you.
* * * LOW HITPOINT WARNING * * *
Things that are here:
2 arrows; a +0 robe
c - 6 arrows (gained 2)
The bat hits you but does no damage.
The hobgoblin hits you but does no damage.
The bat closely misses you.
You see here an arrow.
c - 7 arrows (gained 1)
The hobgoblin hits you.
You die...

##....##...## #.#
##.###...
...##..######...# #.#
#....### .........##
##..###.# ####.##.
....####..# #...##.#
#.... .#. ##.### ##...#.#
#.### # #...####.#.#.#
#.## ###...##.#...# ##..#
###.##(##..## ####...##
####
#..#@.##..###....#...
....##.##g##..##.........
#..#.##b##..#.......##.
#.....[.#..........# #
###................#
###.....#....(..##
#..#..##.......#
##.#..##.....†.#
#..>...†.......#


You could see a hobgoblin and a bat.

Vanquished Creatures
  A dart slug (D:1)
  An endoplasm (D:1)
  A giant cockroach (D:1)
  A goblin (D:1)
  A hobgoblin (D:1)
  4 ball pythons (D:1)
  2 bats (D:1)
  A frilled lizard (D:1)
  A kobold (D:1)
  A rat (D:1)
14 creatures vanquished.

Notes
Turn   | Place    | Note
-------+----------+-------------------------------------------
     0 | D:1      | Grim the Deep Elf Arcane Marksman began the quest for the
                  | Orb.
     0 | D:1      | Reached XP level 1. HP: 11/11 MP: 5/5
   273 | D:1      | Reached XP level 2. HP: 16/16 MP: 6/6
   520 | D:1      | Slain by a hobgoblin

Illustrated notes

Levels and vault maps discovered:
D:1:      tarquinn_simple_flora_water_a, layout_rooms,
          ebering_ecumenical_altar_petrified

Skill      XL: |  1 |
---------------+----+-----
Bows           | 3 |  3.7
Fighting       | |  0.7
Dodging        | |  2.4
Spellcasting   | |  1.5
Hexes          | |  4.3

Action                   || total
-------------------------++-------
 Fire: Shortbow          ||    39
 Cast: Slow              ||     6
Armor: Robe              ||    12
Dodge: Dodged            ||    22

Table legend: (Time is in decaauts)
 A = Elapsed time spent in this place.
 B = Non-inter-level travel time spent in this place.
 C = Inter-level travel time spent in this place.
 D = Time resting spent in this place.
 E = Time spent auto-exploring this place.
 F = Levels seen in this place.
 G = Mean time per level.
                   A        B        C        D        E       F      G
               +--------+--------+--------+--------+--------+-----+--------+
         Total |    525 |    525 |      0 |    161 |    211 |   1 |  525.0 |
       Dungeon |    525 |    525 |      0 |    161 |    211 |   1 |  525.0 |
               +--------+--------+--------+--------+--------+-----+--------+

Top non-repeatable levels by time:
     D:1: 525 daAuts
